 Dungeon Crawl Stone Soup version 0.32-a0-938-g40ac7a0f4d (webtiles) character file.

Game seed: 15341745284480473458

20 zazu2006 the Fighter (level 2, 0/33 HPs)
             Began as a Gnoll Wanderer on Apr 15, 2024.
             Succumbed to a kobold's poison
             ... on level 2 of the Dungeon.
             The game lasted 00:01:11 (192 turns).

zazu2006 the Fighter (Gnoll Wanderer)                Turns: 192, Time: 00:01:11

Health: 0/33       AC:  3    Str: 14    XL:     2   Next: 79%
Magic:  2/2        EV: 12    Int:  9    God:
Gold:   0          SH:  0    Dex: 10    Spells: 2/2 levels left

rFire   . . .        a - +1 mace
rCold   . . .        (no shield)
rNeg    . . .        c - +0 leather armour
rPois   .            (no helmet)
rElec   .            (no cloak)
rCorr   .            (no gloves)
SInv    .            (no boots)
Will    .....        (no amulet)
Stlth   +            (no ring)
HPRegen 0.25/turn    (no ring)
MPRegen 0.08/turn

%: no passive effects
@: lethally poisoned (0 -> -8)
A: fangs 1, strong nose, distributed training
a: no special abilities


You were on level 2 of the Dungeon.
You visited 1 branch of the dungeon, and saw 2 of its levels.

Inventory:

Hand Weapons
 a - a +1 mace (weapon)
 e - a +4 dagger
Missiles
 b - 3 throwing nets (quivered)
Armour
 c - a +0 leather armour (worn)
Scrolls
 f - a scroll of blinking {unknown}
 g - a scroll of enchant weapon {unknown}
Potions
 d - 2 potions of might


   Skills:
 + Level 8.5 Fighting
 + Level 0.5 Short Blades
 + Level 0.5 Long Blades
 + Level 0.5 Axes
 + Level 2.5 Maces & Flails
 + Level 0.5 Polearms
 + Level 0.5 Staves
 + Level 0.5 Ranged Weapons
 + Level 0.5 Throwing
 + Level 4.5 Armour
 + Level 6.5 Dodging
 + Level 0.5 Stealth
 + Level 0.5 Shields
 + Level 0.5 Unarmed Combat
 + Level 0.5 Spellcasting
 + Level 0.4 Conjurations
 + Level 0.4 Hexes
 + Level 0.4 Summonings
 + Level 0.4 Necromancy
 + Level 0.4 Translocations
 + Level 0.4 Fire Magic
 + Level 0.4 Ice Magic
 + Level 0.4 Air Magic
 + Level 0.4 Earth Magic
 + Level 0.4 Alchemy
 + Level 0.7 Invocations
 + Level 0.5 Evocations
 + Level 0.5 Shapeshifting


You had 2 spell levels left.
You didn't know any spells.
Your spell library contained the following spells:

 Spells                   Type           Power      Damage    Failure   Level
 Teleport Other           Tloc           0%         N/A       77%         3
 Dispersal                Tloc           0%         N/A       100%        6
 Gell's Gavotte           Tloc           0%         2d(11-16) 100%        6


Dungeon Overview and Level Annotations

Branches:
Dungeon (2/15)

Altars:


Innate Abilities, Weirdness & Mutations

You have very sharp teeth.
Your uncanny sense of smell can sniff out nearby items.
Your experience applies equally to all skills.


Message History

There is a stone staircase leading down here.
You climb downwards.
The kobold shouts!
There is a stone staircase leading up here.
The rat squeaks loudly.
The ball python misses you.
You barely miss the ball python. The ball python barely misses you.
The ball python grabs you. The ball python constricts you.
The ball python bites you. The ball python constricts you.
You barely miss the ball python.
The ball python bites you but does no damage.
The ball python constricts you.
You barely miss the ball python.
The ball python bites you but does no damage.
The ball python constricts you. The ball python bites you.
The ball python constricts you.
The kobold hits you with a +1 short sword of venom.
You are poisoned.
You hit the ball python.
You kill the ball python!
You feel very sick.
The kobold hits you with a +1 short sword of venom.
You are lethally poisoned!
You hit the kobold.
You kill the kobold!
You feel very sick. The rat closely misses you.
Unknown command.
Unknown command.
Okay, then.
You closely miss the rat.
* * * LOW HITPOINT WARNING * * *
You feel very sick. The rat closely misses you. The rat misses you.
You barely miss the rat.
* * * LOW HITPOINT WARNING * * *
You feel very sick. The rat completely misses you.
You closely miss the rat.
You die...

## .# ∆ .#
.# .# # .#
..#
#####.#.....
#..r@...#
#...)...##
#..........#
###........#
#...###...#
#... ...#
....# ...#∆
.... #...


You could see a rat.

Vanquished Creatures
  4 bats (D:1)
  4 endoplasms
  A goblin (D:1)
  A hobgoblin (D:1)
  3 kobolds
  2 ball pythons
  A frilled lizard (D:1)
  A rat (D:1)
17 creatures vanquished.

Notes
Turn   | Place    | Note
-------+----------+-------------------------------------------
     0 | D:1      | zazu2006 the Gnoll Wanderer began the quest for the Orb.
     0 | D:1      | zazu2006 set off with the following items: a +1 mace, 3
                  | throwing nets, a +0 leather armour, a potion of might.
     0 | D:1      | Reached XP level 1. HP: 26/26 MP: 1/1
   110 | D:1      | Reached XP level 2. HP: 33/33 MP: 2/2
   192 | D:2      | Succumbed to a kobold's poison

Illustrated notes

Levels and vault maps discovered:
D:1:      saegor_arrival_simple_d, layout_rooms
D:2:      layout_rooms

Action                     || total
---------------------------++-------
  Melee: Mace              ||    45
         Bite              ||     2
 Armour: Leather armour    ||    41
  Dodge: Dodged            ||    49

Table legend: (Time is in decaauts)
 A = Elapsed time spent in this place.
 B = Non-inter-level travel time spent in this place.
 C = Inter-level travel time spent in this place.
 D = Time resting spent in this place.
 E = Time spent auto-exploring this place.
 F = Levels seen in this place.
 G = Mean time per level.
                   A        B        C        D        E       F      G
               +--------+--------+--------+--------+--------+-----+--------+
         Total |    204 |    204 |      0 |      0 |      0 |   2 |  102.0 |
       Dungeon |    204 |    204 |      0 |      0 |      0 |   2 |  102.0 |
               +--------+--------+--------+--------+--------+-----+--------+

Top non-repeatable levels by time:
     D:1: 189 daAuts
     D:2: 15 daAuts
